 Dungeon Crawl Stone Soup version 0.28.0-1-gb440e238dd (webtiles) character file.

Game seed: 12359931407068628400

39 Sqayer the Gusty (level 3, 0/24 HPs)
             Began as a Demonspawn Air Elementalist on Feb 23, 2022.
             Frozen to death by an endoplasm (2 damage)
             ... on level 2 of the Dungeon.
             The game lasted 00:12:09 (1353 turns).

Sqayer the Gusty (Demonspawn Air Elementalist)      Turns: 1353, Time: 00:12:11

Health: 0/24       AC:  3    Str:  8    XL:     3   Next: 26%
Magic:  4/6        EV: 11    Int: 18    God:
Gold:   41         SH:  4    Dex: 13    Spells: 5/6 levels left

rFire   . . .      SeeInvis .   b - +2 whip (pain)
rCold   . . .      Faith    .   (no shield)
rNeg    . . .      Spirit   .   h - +0 leather armour
rPois   .          Reflect  .   (no helmet)
rElec   .          Harm     .   (no cloak)
rCorr   .          Rampage  .   (no gloves)
Will    .....                   (no boots)
Stlth   ++........              (no amulet)
HPRegen 0.08/turn               (no ring)
MPRegen 0.10/turn               (no ring)

@: no status effects
A: condensation shield
a: no special abilities


You were on level 2 of the Dungeon.
You visited 1 branch of the dungeon, and saw 2 of its levels.

You collected 41 gold pieces.

Inventory:

Hand Weapons
 b - a +2 whip of pain (weapon)
Missiles
 c - 5 poisoned darts
Armour
 a - a +0 robe
 h - a +0 leather armour (worn)
Scrolls
 e - a scroll of identify {unknown}
 g - a scroll of teleportation {unknown}
Potions
 d - a potion of might {unknown}
 f - a potion of berserk rage {unknown}


   Skills:
 - Level 1.7 Dodging
 - Level 1.7 Stealth
 - Level 2.0 Spellcasting
 + Level 2.3 Conjurations
 + Level 3.4 Air Magic


You had 5 spell levels left.
You knew the following spells:

 Your Spells              Type           Power      Damage    Failure   Level
a - Shock                 Conj/Air       48%        1d6       9%          1

Your spell library contained the following spells:

 Spells                   Type           Power      Damage    Failure   Level
 Static Discharge         Conj/Air       12%        N/A       12%         2
 Swiftness                Air            14%        N/A       19%         3
 Airstrike                Air            7%         N/A       54%         4


Dungeon Overview and Level Annotations

Branches:
Dungeon (2/15)

Altars:


Innate Abilities, Weirdness & Mutations

A meltable shield of frost defends you. (SH +4)


Message History

You climb downwards.
The endoplasm hits you.
The endoplasm hits you but does no damage.
There is a stone staircase leading up here.
Casting: Shock (safe; 9% risk of failure)
Confirm with . or Enter, or press ? or * to list all spells.
Aiming: Shock (safe; 9% risk of failure)
Press: ? - help, Shift-Dir - straight line, f - worm
Aim: a worm (89% to hit)
The zap hits the worm.
The worm is lightly wounded.
The endoplasm barely misses you. The worm barely misses you.
Casting: Shock (safe; 9% risk of failure)
Confirm with . or Enter, or press ? or * to list all spells.
Aiming: Shock (safe; 9% risk of failure)
Press: ? - help, Shift-Dir - straight line, f/p - worm
Aim: a worm (lightly wounded, 89% to hit)
The zap misses the worm.
The endoplasm closely misses you.
You barely miss the endoplasm. The worm bites you. The endoplasm freezes you.
You are frozen.
You hit the endoplasm but do no damage. You block the endoplasm's attack.
The worm completely misses you.
You hit the worm.
The worm is moderately wounded.
The endoplasm misses you.
You hit the worm.
The worm is moderately wounded.
The endoplasm hits you. The worm bites you!
* * * LOW HITPOINT WARNING * * *
You hit the worm.
The worm is heavily wounded.
The endoplasm freezes you.
You are frozen.
* * * LOW HITPOINT WARNING * * *
The worm barely misses you.
You hit the worm.
The worm is heavily wounded.
The endoplasm freezes you.
You are frozen.
You die...

.. .##+#
###.... #......
#...... #......
#
#......####....
#.....w@J.....#
#......########
#...... .......
....... .......
....... ...$...


You could see a worm and an endoplasm.

Vanquished Creatures
  An adder (D:1)
  A dart slug (D:1)
  An orc (D:2)
  2 endoplasms (D:1)
  5 goblins (D:1)
  2 hobgoblins (D:1)
  3 quokkas (D:1)
  A bat (D:1)
  A frilled lizard (D:1)
  5 kobolds (D:1)
  2 rats
24 creatures vanquished.

Vanquished Creatures (others)
  3 fungi (D:1)
  5 plants (D:1)
8 creatures vanquished.

Grand Total: 32 creatures vanquished

Notes
Turn   | Place    | Note
-------+----------+-------------------------------------------
     0 | D:1      | Sqayer the Demonspawn Air Elementalist began the quest for
                  | the Orb.
     0 | D:1      | Reached XP level 1. HP: 13/13 MP: 3/3
   437 | D:1      | Reached skill level 3 in Air Magic
   437 | D:1      | Gained mutation: A meltable shield of frost defends you.
                  | (SH +4) [demonic ancestry]
   437 | D:1      | Reached XP level 2. HP: 19/19 MP: 5/5
   561 | D:1      | Found a faded altar of an unknown god.
  1154 | D:2      | Reached XP level 3. HP: 24/24 MP: 2/6
  1353 | D:2      | Frozen to death by an endoplasm

Illustrated notes

Levels and vault maps discovered:
D:1:      dpeg_arrival_stone_temple_mockup, layout_basic,
          shapermc_ecumenical_altar_mp_ritualfount,
          chequers_serial_rivers_room_a
D:2:      layout_basic, serial_park_tiny_1, uniq_sigmund, uniq_jessica

Skill      XL: |  1  2 |
---------------+-------+-----
Air Magic      | 3 |  3.4
Conjurations   | 2 |  2.3
Dodging        | |  1.7
Stealth        | |  1.7
Spellcasting   | |  2.0

Action                   || total
-------------------------++-------
Melee: Whip              ||    43
 Cast: Shock             ||    42
 Stab: Sleeping          ||     1
Armor: Robe              ||     5
       Leather armour    ||     3
Dodge: Dodged            ||    26
Block: Other             ||     6
